 Dungeon Crawl Stone Soup version 0.17.1-3-g152610e (webtiles) character file.

113 GFox the Vexing (level 4, -1/18 HPs)
             Began as a Felid Enchanter on Mar 9, 2016.
             Succumbed to a scorpion's poison
             ... on level 4 of the Dungeon.
             The game lasted 00:45:52 (3879 turns).

GFox the Vexing (Felid Enchanter)                   Turns: 3879, Time: 00:45:52

Health: -1/18      AC:  1    Str:  4    XL:     4   Next: 65%
Magic:  2/9        EV: 19    Int: 17    God:
Gold:   171        SH:  0    Dex: 16    Spells: 3 memorised, 2 levels left
                                        Lives:  0   Deaths: 1

rFire  . . .     SeeInvis +       - Unarmed
rCold  . . .     Clarity  .     (armour unavailable)
rNeg   . . .     SustAt   .     (shield unavailable)
rPois  .         Gourm    .     (helmet unavailable)
rElec  .         Spirit   .     (cloak unavailable)
rCorr  +         Warding  .     (gloves unavailable)
rMut   .         Stasis   .     (boots unavailable)
MR     .....                    c - amulet of resist corrosion
Stlth  ++++......               (no ring)
                                (no ring)

@: lethally poisoned (-1 -> -25), very slightly contaminated, quick, not
resistant to hostile enchantments, stealthy
A: no armour, no weapons or thrown items, claws 1, fangs 3, see invisible,
carnivore 3, speed 1, shaggy fur 1, slow metabolism 1, sharp paws
a: no special abilities


You were on level 4 of the Dungeon.
You were completely stuffed.

You visited 1 branch of the dungeon, and saw 4 of its levels.

You collected 171 gold pieces.

Inventory:

Jewellery
 c - an amulet of resist corrosion (around neck)
Scrolls
 d - a scroll of recharging {unknown}
 g - a scroll of magic mapping {unknown}
 i - 2 scrolls of remove curse {unknown}
 k - a scroll of teleportation {unknown}
 l - 3 scrolls of identify {unknown}
 n - a scroll of enchant armour {unknown}
 o - a scroll of fear {unknown}
Potions
 e - a potion of degeneration {unknown}
 h - a potion of brilliance {unknown}
 j - a potion of invisibility
 m - a potion of resistance {unknown}
Books
 a - a book of Maledictions

   Spells                             Type                      Level
   a - Corona                         Hexes                        1
   b - Ensorcelled Hibernation        Hexes/Ice                    2
   c - Confuse                        Hexes                        3
   d - Tukima's Dance                 Hexes                        3
   e - Dazzling Spray                 Conjuration/Hexes            3
Comestibles
 b - 3 meat rations
 f - 2 beef jerkies
 p - a chunk of flesh


   Skills:
 + Level 0.4 Fighting
 + Level 3.6 Dodging
 + Level 5.1 Stealth
 + Level 2.0 Unarmed Combat
 + Level 2.9 Spellcasting
 + Level 0.1 Conjurations
 + Level 5.3 Hexes
 + Level 1.0 Ice Magic


You had 2 spell levels left.
You knew the following spells:

 Your Spells              Type           Power        Failure   Level  Hunger
a - Corona                Hex            ###....      1%          1    #......
b - Ensorcelled Hibernat  Hex/Ice        ##....       10%         2    ##.....
c - Dazzling Spray        Conj/Hex       ##......     21%         3    ###....


Dungeon Overview and Level Annotations

Branches:
Dungeon (4/15)
 Temple: D:4-7

Altars:
Cheibriados
Makhleb
Qazlal
The Shining One


Innate Abilities, Weirdness & Mutations

You cannot wear armour.
You are incapable of wielding weapons or throwing items.
You have sharp claws.
You have razor-sharp teeth.
You have supernaturally acute eyesight.
You are carnivorous and can eat meat at any time.
You cover ground quickly.
You are covered in fur (AC +1).
You have a slow metabolism.
Your sharp claws are effective at attacking unaware monsters.


Message History

The scorpion is severely wounded.
The scorpion stings you.
You are lethally poisoned!
The scorpion poisons you!
You scratch the scorpion but do no damage.
Your bite misses the scorpion.
The scorpion is severely wounded.
You feel sick. The scorpion stings you.
* * * LOW HITPOINT WARNING * * *
You are more poisoned.
The scorpion poisons you!
Casting: Ensorcelled Hibernation
Confirm with . or Enter, or press ? or * to list all spells.
Aiming: Ensorcelled Hibernation
Press: ? - help, Shift-Dir - straight line, f/p - scorpion
Aim: a scorpion (severely wounded, chance to defeat MR: 44%)
You miscast Ensorcelled Hibernation.
You are very lightly contaminated with residual magic.
Nothing appears to happen.
You die...

#....# #....######
#.......(.###
#....##.#...######
#....#<..##......#.
#....#.............
######...#.........
##.##.........
#.##.@.......
#.##.s......[
#.##.........
#............
.###.....#. ..
#.#### #. .# .. .#


You could see a scorpion.

Vanquished Creatures
  A hound (D:2)
  A worker ant (D:3)
  4 gnolls (D:3)
  An adder (D:2)
  2 oozes (D:1)
  3 giant geckos
  4 orcs
  5 bats
  5 hobgoblins
  8 jackals (D:1)
  A quokka (D:3)
  A giant cockroach (D:1)
  3 giant newts
  2 goblins (D:2)
  3 kobolds
  4 rats
48 creatures vanquished.

Notes
Turn   | Place    | Note
--------------------------------------------------------------
     0 | D:1      | GFox the Felid Enchanter began the quest for the Orb.
     0 | D:1      | Reached XP level 1. HP: 7/7 MP: 4/4
   309 | D:1      | Reached XP level 2. HP: 4/11 MP: 4/6
   775 | D:1      | Learned a level 2 spell: Ensorcelled Hibernation
  1332 | D:1      | Reached XP level 3. HP: 14/14 MP: 7/7
  1631 | D:2      | Found a snail-covered altar of Cheibriados.
  1645 | D:2      | Found a stormy altar of Qazlal.
  1646 | D:2      | Found a burning altar of Makhleb.
  1647 | D:2      | Found a glowing golden altar of the Shining One.
  1888 | D:2      | Learned a level 3 spell: Dazzling Spray
  2122 | D:2      | Found a burning altar of Makhleb.
  2135 | D:2      | Reached skill level 5 in Hexes
  2135 | D:2      | Reached XP level 4. HP: 16/18 MP: 5/9
  3064 | D:3      | Slain by a worker ant
  3065 | D:3      | Reached XP level 3. HP: -2/15 MP: 7/8
  3345 | D:3      | Reached XP level 4. HP: 18/18 MP: 9/9
  3567 | D:3      | Reached skill level 5 in Stealth
  3567 | D:3      | Reached skill level 1 in Ice Magic
  3879 | D:4      | Succumbed to a scorpion's poison

Action                   |  1- 3 |  4- 6 || total
-------------------------+-------+-------++-------
Melee: Unarmed           |   101 |    37 ||   138
 Cast: Corona            |    13 |     1 ||    14
       Ensorcelled Hiber |    16 |    19 ||    35
       Dazzling Spray    |     1 |     2 ||     3
  Use: Potion            |     4 |       ||     4
       Scroll            |     1 |       ||     1
 Stab: Sleeping          |    24 |     6 ||    30
  Eat: Chunk             |    12 |     4 ||    16
       Meat ration       |       |     1 ||     1
